 Dungeon Crawl Stone Soup version 0.31-a0-1-g4198be8af4 (webtiles) character file.

Game seed: 18426532300929287536

54 NinjaNoafa the Covered (level 3, -1/33 HPs)
             Began as an Armataur Fighter on May 2, 2023.
             Slain by a cerulean imp
             ... wielding a +1 spear
             ... summoned by Natasha
              (4 damage)
             ... on level 2 of the Dungeon.
             The game lasted 00:01:53 (1055 turns).

NinjaNoafa the Covered (Armataur Fighter)           Turns: 1055, Time: 00:01:54

Health: -1/33      AC:  7    Str: 23    XL:     3   Next: 66%
Magic:  3/3        EV:  7    Int:  8    God:
Gold:   73         SH:  4    Dex:  9    Spells: 2/2 levels left

rFire   . . .        a - +0 flail
rCold   . . .        c - +0 buckler
rNeg    . . .        b - +0 scale mail
rPois   .            (no helmet)
rElec   .            (no cloak)
rCorr   .            (no gloves)
SInv    .            (no barding)
Will    .....        (no amulet) Stlth
                     (no ring)
HPRegen 0.25/turn    (no ring)
MPRegen 0.08/turn

%: roll
@: mighty, slowed, very slow
A: large, rugged brown scales 3, deformed body, armoured tail, roll, long
tongue, awkward tongue
a: no special abilities


You were on level 2 of the Dungeon.
You visited 1 branch of the dungeon, and saw 2 of its levels.

You collected 73 gold pieces.

Inventory:

Hand Weapons
 a - a +0 flail (weapon)
Armour
 b - a +0 scale mail (worn)
 c - a +0 buckler (worn)
Scrolls
 f - a scroll of magic mapping {unknown}
 h - a scroll of fog {unknown}
 i - a scroll of blinking {unknown}
 j - 2 scrolls of identify {unknown}
 k - a scroll of vulnerability {unknown}
 l - a scroll of butterflies {unknown}
 p - a scroll of enchant weapon {unknown}
Potions
 e - a potion of ambrosia {unknown}
 g - a potion of attraction {unknown}
 m - a potion of degeneration {unknown}
 n - a potion of haste
 o - a potion of curing {unknown}


   Skills:
 + Level 3.1 Fighting
 + Level 2.3 Maces & Flails
 + Level 4.2 Armour
 + Level 3.8 Shields


You had 2 spell levels left.
You didn't know any spells.
Your spell library was empty.

Dungeon Overview and Level Annotations

Branches:
Dungeon (2/15)

Altars:

Annotations:
D:2 Natasha


Innate Abilities, Weirdness & Mutations

You are completely covered in rugged brown scales. (AC +3, +7% HP)
Armour fits poorly on your strangely shaped body.
You have a long armoured tail.
You roll when moving toward enemies. (Rampage)
Your long tongue fully drains potion bottles. (2x potion effects)
Your tongue gives you trouble enunciating. (1.5x scroll delay)


Message History

Natasha stares at you and mumbles some strange words.
You feel as though you will be slow longer.
The cerulean imp hits you but does no damage.
Natasha stares at you and mumbles some strange words.
You feel as though you will be slow longer.
The cerulean imp barely misses you.
You closely miss Natasha.
Natasha is heavily wounded.
Natasha claws you. You block Natasha's attack.
The cerulean imp hits you with a +1 spear.
Natasha claws you.
You barely miss Natasha.
Your tail-slap misses Natasha.
Natasha is heavily wounded.
Natasha barely misses you. The cerulean imp barely misses you.
Natasha mumbles some strange words.
You block the cerulean imp's attack. Natasha barely misses you.
Unknown command.
Unknown command.
You miss Natasha.
Natasha is heavily wounded.
Natasha casts a spell at you. The magic dart hits you!
* * * LOW HITPOINT WARNING * * *
The cerulean imp hits you with a +1 spear.
* * * LOW HITPOINT WARNING * * *
Natasha casts a spell at you.
You feel as though you will be slow longer.
The cerulean imp barely misses you. You block the cerulean imp's attack.
Natasha claws you.
* * * LOW HITPOINT WARNING * * *
You feel very mighty all of a sudden.
You slurp down every last drop of the potion of might!
Natasha claws you but does no damage.
The cerulean imp hits you but does no damage. x2
Natasha stares at you and mumbles some strange words.
The magic dart hits you.
* * * LOW HITPOINT WARNING * * *
You block the cerulean imp's attack.
The cerulean imp hits you with a +1 spear.
You die...

........# #........ ........#
#........ ........# #........
........################.#######
.........................†......
........###############.†.##....
........# #...##.###
........########## #...##.#
>.>...........5@5# #...##.#
################h# #...##.# ..#
##.###.# #.# #.# #.# .. #.# ...
# ... . .... ## ..


You could see Natasha (fast) and 2 cerulean imps.

Vanquished Creatures
  A gnoll (D:1)
  An adder (D:2)
  A dart slug (D:2)
  5 ball pythons
  An endoplasm (D:1)
  2 giant cockroaches (D:2)
  2 goblins
  6 hobgoblins
  A quokka (D:1)
  4 bats
  2 frilled lizards
  A kobold (D:1)
  6 rats
33 creatures vanquished.

Notes
Turn   | Place    | Note
-------+----------+-------------------------------------------
     0 | D:1      | NinjaNoafa the Armataur Fighter began the quest for the
                  | Orb.
     0 | D:1      | Reached XP level 1. HP: 19/19 MP: 1/1
   279 | D:1      | Reached XP level 2. HP: 25/26 MP: 2/2
   500 | D:1      | Reached skill level 4 in Armour
   529 | D:1      | Reached XP level 3. HP: 33/33 MP: 3/3
  1046 | D:2      | Noticed Natasha
  1055 | D:2      | Slain by a cerulean imp

Illustrated notes

Levels and vault maps discovered:
D:1:      psy_arrival_conway, layout_basic, dk_noncrumbling_2, bh_walls_and_bars
D:2:      layout_basic, hex_tiny, uniq_natasha

Skill      XL: |  1  2 |
---------------+-------+-----
Maces & Flails | 2 |  2.3
Fighting       | 3 |  3.1
Armour         | 4 |  4.2
Shields        | |  3.8

Action                     || total
---------------------------++-------
  Melee: Flail             ||    91
         Tailslap          ||    13
    Use: Potion            ||     1
 Armour: Scale mail        ||    56
  Dodge: Dodged            ||    46
  Block: Buckler           ||    20

Table legend: (Time is in decaauts)
 A = Elapsed time spent in this place.
 B = Non-inter-level travel time spent in this place.
 C = Inter-level travel time spent in this place.
 D = Time resting spent in this place.
 E = Time spent auto-exploring this place.
 F = Levels seen in this place.
 G = Mean time per level.
                   A        B        C        D        E       F      G
               +--------+--------+--------+--------+--------+-----+--------+
         Total |   1089 |   1060 |     29 |      0 |    791 |   2 |  544.5 |
       Dungeon |   1089 |   1060 |     29 |      0 |    791 |   2 |  544.5 |
               +--------+--------+--------+--------+--------+-----+--------+

Top non-repeatable levels by time:
     D:1: 789 daAuts
     D:2: 300 daAuts
